 Dungeon Crawl Stone Soup version 0.30.0-30-g96aa6591b8 (webtiles) character file.

Game seed: 1077589783657252179

179756 McKennaii the Earth Mage (level 17, -9/111 HPs)
             Began as a Demigod Conjurer on June 29, 2023.
             Mangled by a quicksilver dragon (11 damage)
             ... on level 4 of the Snake Pit.
             The game lasted 00:58:01 (43080 turns).

McKennaii the Earth Mage (Demigod Conjurer)        Turns: 43080, Time: 00:58:02

Health: -9/111     AC: 12    Str:  8    XL:     17   Next: 6%
Magic:  24/54      EV: 12    Int: 43    God:
Gold:   3281       SH:  0    Dex: 15    Spells: 31/53 levels left

rFire   . . .        Z - staff of conjuration "Featog" {rC+}
rCold   + . .        (no shield)
rNeg    . . .        R - +2 robe {Archmagi}
rPois   .            a - +2 hat {Int+3}
rElec   .            L - +0 cloak
rCorr   .            j - +1 pair of gloves of the World {Dex+3}
SInv    .            y - +2 pair of boots {Fly}
Will    +....        s - amulet of regeneration
Stlth   ++           t - ring of wizardry
HPRegen 1.18/turn    w - ring of magical power
MPRegen 0.34/turn

%: wizardry (x1), archmagi
@: lethally poisoned (-9 -> -10), marked, weakened, flying, studying Unarmed
Combat
A: high MP 1, forlorn, divine attributes
a: no special abilities


You were on level 4 of the Snake Pit.
You visited 6 branches of the dungeon, and saw 28 of its levels.
You also visited: Gauntlet.

You collected 3995 gold pieces.
You spent 714 gold pieces at shops.

Inventory:

Hand Weapons
 S - the +8 flail of Wounding {holy, Will+ Str+3 Stlth+}
   (You took it off an orc on level 12 of the Dungeon)

   Str:       It affects your strength (+3).
   Will:      It increases your willpower.
   Stlth:     It makes you more stealthy.
Armour
 a - a +2 hat of intelligence (worn)
 j - the +1 pair of gloves of the World (worn) {Dex+3}
   (You found it on level 7 of the Dungeon)

   Dex:       It affects your dexterity (+3).
 y - a +2 pair of boots of flying (worn)
 L - a +0 cloak (worn)
 R - a +2 robe of the Archmagi (worn)
Magical Staves
 v - a staff of air
 C - a staff of cold
 Z - the staff of conjuration "Featog" (weapon) {rC+}
   (You found it on level 5 of the Lair of Beasts)

   [staff of conjuration]

   Base accuracy: +5 Base damage: 5 Base attack delay: 1.2 This weapon's minimum
   attack delay (0.6) is reached at skill level 12.
   rC:        It protects you from cold.
   It falls into the 'Staves' category.
   It is a one-handed weapon.
Jewellery
 h - a ring of poison resistance
 s - an amulet of regeneration (around neck)
 t - a ring of wizardry (left hand)
 u - the ring "Liseibec" {rF- rCorr MP+9 Slay+6 SInv}
   (You found it in a Gauntlet)

   [ring of magical power]

   Slay:      It affects your accuracy & damage with ranged weapons and melee
   (+6).
   rF:        It makes you vulnerable to fire.
   MP:        It affects your magic capacity (+9).
   SInv:      It lets you see invisible.
   rCorr:     It protects you from acid and corrosion.
 w - a ring of magical power (right hand)
 I - a ring of fire
 P - a ring of willpower
 Y - a ring of positive energy
Wands
 f - a wand of flame (69)
 z - a wand of mindburst (15)
 J - a wand of charming (8)
 Q - a wand of light (12)
 T - a wand of iceblast (10)
 X - a wand of digging (6)
Scrolls
 e - 6 scrolls of blinking
 i - 6 scrolls of magic mapping
 l - 7 scrolls of poison
 m - 4 scrolls of immolation
 n - 2 scrolls of fear
 p - 3 scrolls of enchant armour
 q - 2 scrolls of identify
 r - 3 scrolls of summoning
 A - 4 scrolls of fog
 B - 4 scrolls of amnesia
 H - 10 scrolls of teleportation
 O - 2 scrolls of enchant weapon
 W - 2 scrolls of silence
Potions
 b - 6 potions of magic
 c - 7 potions of mutation
 d - 3 potions of cancellation
 g - 5 potions of brilliance
 k - 13 potions of curing
 o - 10 potions of flight
 x - 2 potions of lignification
 D - a potion of berserk rage
 E - 4 potions of might
 K - 2 potions of invisibility
 M - 6 potions of heal wounds
 N - 4 potions of haste
 V - 2 potions of ambrosia


   Skills:
 - Level 1.7 Dodging
 - Level 1.7 Stealth
 + Level 18.9 Spellcasting
 - Level 11.3 Conjurations
 * Level 19.0 Earth Magic


You had 31 spell levels left.
You knew the following spells:

 Your Spells              Type           Power      Damage    Failure   Level
a - Magic Dart            Conj           100%       1d8       0%          1
b - Searing Ray           Conj           100%       2d8       0%          2
c - Iskenderun's Mystic   Conj/Tloc      100%       2d19      1%          4
d - Iron Shot             Conj/Erth      78%        9d14      1%          6
g - Shatter               Erth           70%        3d52*     10%         9

Your spell library contained the following spells:

 Spells                   Type           Power      Damage    Failure   Level
 Passwall                 Tmut/Erth      92%        N/A       0%          2
 Lee's Rapid Deconstruct  Erth           70%        3d32*     0%          5
 Apportation              Tloc           100%       N/A       1%          1
 Freeze                   Ice            100%       1d10      1%          1
 Necrotise                Necr           100%       1d9       1%          1
 Summon Small Mammal      Summ           100%       N/A       1%          1
 Cigotuvi's Dreadful Rot  Necr/Pois/Air  100%       N/A       1%          2
 Ensorcelled Hibernation  Hex/Ice        100%       N/A       1%          2
 Dazzling Flash           Conj/Hex       100%       N/A       1%          3
 Frozen Ramparts          Ice            100%       1d16      1%          3
 Hailstorm                Conj/Ice       100%       3d20      1%          3
 Ignite Poison            Fire/Tmut/Pois 57%        N/A       1%          3
 Swiftness                Air            57%        N/A       1%          3
 Volatile Blastmotes      Fire/Tloc      100%       2d18      1%          3
 Fulminant Prism          Conj/Hex       58%        3d24      1%          4
 Leda's Liquefaction      Hex/Erth       55%        N/A       1%          4
 Fireball                 Conj/Fire      58%        3d22      1%          5
 Freezing Cloud           Conj/Ice/Air   52%        6-21      1%          5
 Irradiate                Conj/Tmut      58%        3d31      1%          5
 Iskenderun's Battlesphe  Conj           100%       2d15      1%          5
 Statue Form              Tmut/Erth      74%        N/A       1%          6
 Orb of Destruction       Conj           71%        9d16      1%          7
 Animate Dead             Necr           57%        N/A       2%          4
 Ice Form                 Ice/Tmut       57%        N/A       2%          4
 Summon Ice Beast         Ice/Summ       57%        N/A       2%          4
 Conjure Ball Lightning   Conj/Air       58%        3x3d21    3%          6
 Starburst                Conj/Fire      58%        6d15      3%          6
 Agony                    Necr           57%        N/A       6%          5
 Blade Hands              Tmut           28%        N/A       6%          5
 Silence                  Hex/Air        28%        N/A       6%          5
 Summon Mana Viper        Hex/Summ       57%        N/A       6%          5
 Simulacrum               Ice/Necr       28%        N/A       32%         6
 Dragon Form              Tmut           28%        N/A       86%         7
 Haunt                    Necr/Summ      28%        N/A       86%         7
 Monstrous Menagerie      Summ           28%        N/A       86%         7
 Infestation              Necr           28%        N/A       100%        8
 Chain Lightning          Conj/Air       58%        3d77      100%        9
 Fire Storm               Conj/Fire      58%        8d15      100%        9


Dungeon Overview and Level Annotations

Branches:
Dungeon (15/15)            Temple (0/1) D:5            Lair (5/5) D:10
 Shoals (1/4) Lair:3        Snake (4/4) Lair:3        Slime (0/5) Lair:5
    Orc (2/2) D:12            Elf (1/3) Orc:2        Vaults (0/5) D:14
 Depths (0/4) D:15        Gauntlet (visited)

Shops:
D:10 *   Orc:1 :   Orc:2 (*?*   Snake:3 *

Annotations:
Snake:4 2 transporters, fedoskokos's ghost, adept DsMo


Innate Abilities, Weirdness & Mutations

You have an increased reservoir of magic. (+10% MP)
You shall have no god before yourself.
Your divine heritage dramatically boosts your attributes as you level up.


Message History

The anaconda is severely wounded.
You feel sick.
Unknown command.
Unknown command.
Unknown command.
Casting: Iskenderun's Mystic Blast (safe; 1% risk of failure)
Confirm with . or Enter, or press ? or * to list all spells.
You feel a strong surge of power!
You erupt in a blast of force!
The mystic blast hits the guardian serpent!
The guardian serpent is almost dead.
The mystic blast hits the guardian serpent!!
You kill the guardian serpent!
The mystic blast hits the anaconda!
The anaconda is almost dead.
The anaconda is knocked back by the mystic blast.
The anaconda slams into the crystal wall!
You kill the anaconda!
You feel sick.
The guardian serpent casts a spell at you.
The salamander tyrant blinks!
Unknown command.
Casting: Iskenderun's Mystic Blast (safe; 1% risk of failure)
Confirm with . or Enter, or press ? or * to list all spells.
You feel a strong surge of power!
You erupt in a blast of force!
The mystic blast hits the guardian serpent!
You kill the guardian serpent!
The mystic blast hits the salamander tyrant!
You kill the salamander tyrant!
The mystic blast hits the quicksilver dragon!
The quicksilver dragon is lightly wounded.
The mystic blast hits the guardian serpent!
The guardian serpent is heavily wounded.
The guardian serpent is knocked back by the mystic blast.
You feel sick.
The quicksilver dragon breathes dispelling energy at you.
The bolt of dispelling energy hits you!!!
Your magical effects are unravelling.
* * * LOW HITPOINT WARNING * * *
The quicksilver dragon bites you!
You die...

uu#### #u.#.......##.#####.....[
#.#..N. #XW##......'......#......
##....#####p##.[...#......#......
.#.#^.*. #GA#.....##.....#......
## ### #x##......'.....#......
###.##.* #...§.[.#.#####......
##....#. #.S.)...###.........#
#...#### ##†††D.............##
#..##..### #.†@†.............#
#.©#©.#...##..†).)....^......#
G##..##..####)..<..............#
##....####..........#........####
©......##.....)...###.......8##..
............)....####.)..........
............)....# #.............
.###............####......)......
..###............##........)8##..


You could see a quicksilver dragon (catching breath) and a guardian serpent.

Vanquished Creatures
  Vashnia (Snake:4)
  Mlioglotl (Snake:2)
  Frances (Snake:1)
  Gastronok (Lair:2)
  A tengu reaver (D:13)
  A nagaraja (Snake:4)
  2 fire giants (D:13)
  A frost giant (D:13)
  A war gargoyle (D:13)
  An ironbound preserver (D:14)
  2 orc warlords (Orc:2)
  A vampire knight (D:13)
  2 ettins (D:13)
  A minotaur (Gauntlet)
  A fire dragon (D:15)
  A yaktaur captain (D:13)
  An ice dragon (D:15)
  5 hydras
  Fannar (D:11)
  2 salamander tyrants (Snake:4)
  6 anacondas
  An ogre mage (D:15)
  A catoblepas (Lair:3)
  9 centaur warriors
  2 boulder beetles
  A death scarab (Gauntlet)
  12 naga warriors
  3 orc high priests (Orc:2)
  8 two-headed ogres
  4 tengu warriors
  A dancing weapon (Elf:1)
  9 death yaks
  25 naga sharpshooters
  10 shock serpents
  Nergalle (D:10)
  A fire crab (Lair:5)
  2 salamander mystics
  A deep troll (D:9)
  Lodul (D:13)
  A naga ritualist (Snake:1)
  A spectral hydra (Gauntlet)
  4 deep elf pyromancers
  The ghost of Nicoed the Basher, a novice MiBe of Trog (D:9)
  2 large abominations (Gauntlet)
  4 deep elf zephyrmancers (Elf:1)
  An oklob plant (Lair:3)
  7 orc knights (Orc:2)
  8 salamanders
  2 manticores
  7 orc sorcerers (Orc:2)
  A mana viper (Snake:1)
  10 cyclopes
  A wolf spider (Lair:5)
  26 ugly things
  A cyclops (shapeshifter) (D:13)
  28 black mambas
  A moth of wrath (D:9)
  3 torpor snails
  8 guardian serpents
  A merfolk siren (Lair:3)
  An elephant (shapeshifter) (D:11)
  6 gargoyles
  20 naga magi
  A guardian serpent (shapeshifter) (D:14)
  14 cane toads
  Maggie (Lair:2)
  An efreet (D:15)
  A kobold demonologist (D:9)
  3 rime drakes
  8 komodo dragons
  7 trolls
  A tengu conjurer (D:15)
  A troll (shapeshifter) (D:13)
  Grinder (D:4)
  6 meliai
  11 polar bears
  5 raiju (Lair:5)
  4 hornets
  7 dream sheep (Lair:5)
  5 slime creatures (D:12)
  47 yaks
  A centaur simulacrum (D:14)
  2 shadows
  2 wraiths
  2 vampires
  14 wyverns
  A water elemental (Elf:1)
  A human (shapeshifter) (D:15)
  2 basilisks
  2 steam dragons
  5 vampire mosquitoes (D:15)
  5 redbacks (Lair:5)
  4 small abominations (Gauntlet)
  50 nagas
  9 wargs
  5 acid dragons
  19 water moccasins
  12 hell hounds (Lair:5)
  A sky beast (D:7)
  12 black bears
  38 orc warriors
  2 ice beasts
  19 ogres
  A boggart (D:14)
  9 centaurs
  2 phantoms
  31 wolves
  4 kobold brigands
  2 scorpions (D:5)
  9 bullfrogs
  A gnoll sergeant (D:10)
  11 wights
  27 killer bees
  4 howler monkeys
  A hound (D:4)
  5 jellies
  A gnoll bouda (Orc:1)
  12 orc priests
  Jessica (D:3)
  A sleepcap (D:5)
  6 iguanas
  23 orc wizards
  Natasha (twice) (D:2)
  15 gnolls
  6 adders
  2 white imps
  2 ufetubi
  A worm (D:2)
  84 orcs
  7 endoplasms
  2 giant cockroaches (D:3)
  5 goblins
  12 hobgoblins
  23 kobolds
  A quokka (D:2)
  6 ball pythons
  5 bats
  4 frilled lizards
  4 rats
935 creatures vanquished.

Vanquished Creatures (others)
  A guardian serpent (Snake:4)
  5 dream sheep (D:8)
6 creatures vanquished.

Grand Total: 941 creatures vanquished

Notes
Turn   | Place    | Note
-------+----------+-------------------------------------------
     0 | D:1      | McKennaii the Demigod Conjurer began the quest for the Orb.
     0 | D:1      | Reached XP level 1. HP: 14/14 MP: 5/5
   395 | D:1      | Reached XP level 2. HP: 20/20 MP: 4/7
   619 | D:1      | Learned a level 2 spell: Searing Ray
  1097 | D:2      | Reached XP level 3. HP: 26/26 MP: 2/9
  1183 | D:2      | Noticed Natasha
  1188 | D:2      | Killed Natasha
  1225 | D:2      | Noticed Natasha
  1337 | D:2      | Killed Natasha
  1338 | D:2      | Reached XP level 4. HP: 33/33 MP: 5/11
  2003 | D:3      | Reached skill level 5 in Conjurations
  2003 | D:3      | Reached XP level 5. HP: 35/38 MP: 7/13
  2027 | D:2      | Learned a level 4 spell: Iskenderun's Mystic Blast
  2211 | D:3      | Noticed Jessica
  2216 | D:3      | Killed Jessica
  3637 | D:4      | Noticed Grinder
  3648 | D:4      | Killed Grinder
  3649 | D:4      | Reached XP level 6. HP: 9/45 MP: 4/16
  4110 | D:5      | Entered Level 5 of the Dungeon
  4156 | D:5      | Reached XP level 7. HP: 25/50 MP: 9/17
  4335 | D:5      | Reached skill level 5 in Spellcasting
  5288 | D:5      | Found a staircase to the Ecumenical Temple.
  5490 | D:5      | Reached XP level 8. HP: 55/57 MP: 20/20
  7230 | D:7      | Reached XP level 9. HP: 42/62 MP: 23/24
  7744 | D:7      | Identified the +1 pair of gloves of the World {Dex+3}
  8890 | D:8      | Reached skill level 10 in Conjurations
  9486 | D:9      | Noticed a kobold demonologist
  9486 | D:9      | Noticed a two-headed ogre
  9488 | D:9      | Noticed a smoke demon
  9495 | D:9      | Killed a kobold demonologist
  9507 | D:9      | Killed a two-headed ogre
  9508 | D:9      | Reached XP level 10. HP: 45/69 MP: 12/27
 10029 | D:9      | Found a transporter.
 10029 | D:9      | Noticed Nicoed's ghost (novice MiBe)
 10030 | D:9      | Noticed a moth of wrath
 10033 | D:9      | Noticed a deep troll
 10040 | D:9      | Identified the +3 leather armour "Fathruabo" {rN+ Str+2}
 10279 | D:9      | Identified the ring "Pusuzimo" {Contam rPois rC+ Dex+5}
 10292 | D:9      | Reached skill level 10 in Spellcasting
 10407 | D:9      | Identified the +6 mace "Dragon's Undoing" {vamp, Dex+3}
 10425 | D:9      | Found a transporter.
 11221 | D:9      | Reached XP level 11. HP: 55/74 MP: 19/30
 11372 | D:10     | Entered Level 10 of the Dungeon
 11612 | D:10     | Found a staircase to the Lair.
 11945 | D:10     | Found Ufolatodd's Assorted Antiques.
 11949 | D:10     | Bought a scroll labelled GIHEOV KEWE for 24 gold pieces
 11984 | D:10     | Noticed Nergalle
 12011 | D:10     | HP: 1/67 [Nergalle/bolt of negative energy (29)]
 12013 | D:10     | Killed Nergalle
 12802 | D:11     | Noticed Fannar
 12828 | D:11     | Killed Fannar
 13326 | D:11     | Noticed a two-headed ogre
 13332 | D:11     | Killed a two-headed ogre
 13927 | D:12     | Noticed a two-headed ogre
 13936 | D:12     | Killed a two-headed ogre
 14132 | D:12     | Found a staircase to the Orcish Mines.
 14164 | D:12     | Identified the +8 flail of Wounding {holy, Will+ Str+3
                  | Stlth+}
 14213 | D:12     | Noticed a two-headed ogre
 14235 | D:12     | Killed a two-headed ogre
 14889 | D:12     | Reached XP level 12. HP: 71/81 MP: 33/35
 14945 | D:12     | Got Erox's Textbook on the Gargoyle
 15067 | D:12     | HP: 3/81 [manticore/volley of spikes (9)]
 15406 | Lair:1   | Entered Level 1 of the Lair of Beasts
 15782 | Lair:1   | Learned a level 6 spell: Iron Shot
 16079 | Lair:2   | Noticed Gastronok
 16087 | Lair:2   | Noticed Maggie
 16101 | Lair:2   | Killed Gastronok
 16102 | Lair:2   | Reached skill level 2 in Earth Magic
 16106 | Lair:2   | Killed Maggie
 16356 | Lair:2   | Reached skill level 3 in Earth Magic
 16895 | Lair:2   | Reached skill level 4 in Earth Magic
 17431 | Lair:3   | Reached skill level 15 in Spellcasting
 17433 | Lair:3   | Reached skill level 5 in Earth Magic
 17892 | Lair:3   | Reached skill level 6 in Earth Magic
 18399 | Lair:3   | Found a staircase to the Snake Pit.
 18406 | Lair:3   | Noticed a catoblepas
 18413 | Lair:3   | Killed a catoblepas
 18629 | Lair:3   | Reached skill level 7 in Earth Magic
 18671 | Lair:3   | Found a staircase to the Shoals.
 18867 | Shoals:1 | Entered Level 1 of the Shoals
 18979 | Shoals:1 | Reached XP level 13. HP: 80/86 MP: 28/37
 19809 | Lair:4   | Reached skill level 8 in Earth Magic
 20083 | Lair:5   | Entered Level 5 of the Lair of Beasts
 20605 | Lair:5   | Reached skill level 9 in Earth Magic
 21487 | Lair:5   | Reached skill level 10 in Earth Magic
 21905 | Lair:5   | Identified the staff of conjuration "Featog" {rC+}
 22018 | Lair:5   | Found a staircase to the Slime Pits.
 22205 | Lair:5   | Identified a scroll of acquirement
 23012 | Lair:5   | Reached skill level 11 in Earth Magic
 23429 | Lair:5   | Reached XP level 14. HP: 78/93 MP: 0/39
 24389 | D:9      | Killed Nicoed's ghost
 24554 | D:13     | Learned a level 9 spell: Shatter
 24846 | D:13     | Found a huge runed gate.
 24847 | D:13     | Found a huge runed gate.
 24848 | D:13     | Found a huge runed gate.
 24849 | D:13     | Found a huge runed gate.
 24849 | D:13     | Found a huge runed gate.
 24851 | D:13     | Found a huge runed gate.
 24851 | D:13     | Found a huge runed gate.
 24851 | D:13     | Found a huge runed gate.
 24851 | D:13     | Found a huge runed gate.
 24852 | D:13     | Found a huge runed gate.
 24853 | D:13     | Found a huge runed gate.
 24854 | D:13     | Found a huge runed gate.
 24857 | D:13     | Found a huge runed gate.
 24858 | D:13     | Found a huge runed gate.
 24867 | D:13     | Found a huge runed gate.
 24867 | D:13     | Found a huge runed gate.
 24867 | D:13     | Found a huge runed gate.
 24867 | D:13     | Found a huge runed gate.
 24867 | D:13     | Found a huge runed gate.
 24867 | D:13     | Found a huge runed gate.
 24868 | D:13     | Found a huge runed gate.
 24869 | D:13     | Found a huge runed gate.
 24870 | D:13     | Found a huge runed gate.
 24878 | D:13     | Found a huge runed gate.
 24878 | D:13     | Found a huge runed gate.
 24878 | D:13     | Found a huge runed gate.
 24878 | D:13     | Found a huge runed gate.
 24878 | D:13     | Found a huge runed gate.
 24878 | D:13     | Found a huge runed gate.
 24879 | D:13     | Found a huge runed gate.
 24880 | D:13     | Found a huge runed gate.
 24881 | D:13     | Found a huge runed gate.
 24912 | D:13     | Found a huge runed gate.
 24912 | D:13     | Found a huge runed gate.
 24913 | D:13     | Found a huge runed gate.
 24914 | D:13     | Found a huge runed gate.
 25235 | D:13     | Noticed Lodul
 25237 | D:13     | Killed Lodul
 25238 | D:13     | Reached skill level 12 in Earth Magic
 25654 | D:13     | Noticed a fire giant
 25654 | D:13     | Noticed a fire giant
 25654 | D:13     | Noticed a frost giant
 25654 | D:13     | Noticed a tengu reaver
 25655 | D:13     | Noticed a frost giant
 25805 | D:13     | Killed a frost giant
 25845 | D:13     | Killed a tengu reaver
 26138 | D:13     | Killed a fire giant
 26144 | D:13     | Killed a fire giant
 26334 | D:13     | Reached skill level 13 in Earth Magic
 26774 | D:14     | Acquired a book of the Spheres
 26922 | D:14     | Found a gate leading to a gauntlet.
 26940 | Gauntlet | Entered a Gauntlet
 26940 | Gauntlet | Found a transporter.
 26940 | Gauntlet | Found a transporter.
 26945 | Gauntlet | Found a transporter.
 26960 | Gauntlet | Found a transporter.
 26974 | Gauntlet | Found a transporter.
 26987 | Gauntlet | Found a transporter.
 27075 | Gauntlet | Found a transporter.
 27090 | Gauntlet | Found a transporter.
 27104 | Gauntlet | Found a transporter.
 27117 | Gauntlet | Found a transporter.
 27136 | Gauntlet | Found a transporter.
 27203 | Gauntlet | Found a transporter.
 27211 | Gauntlet | Found a transporter.
 27215 | Gauntlet | Found a transporter.
 27215 | Gauntlet | Found a transporter.
 27224 | Gauntlet | Found a transporter.
 27646 | Gauntlet | Identified the ring "Liseibec" {rF- rCorr MP+9 Slay+6 SInv}
 27670 | Gauntlet | Identified the ring of Wu Jian, Hurling {Ice *Corrode rPois
                  | Dex+2 Slay+4 SInv}
 28035 | D:14     | Found a gate to the Vaults.
 28035 | D:14     | Noticed an ironbound preserver
 28039 | D:14     | Killed an ironbound preserver
 28040 | D:14     | Reached skill level 14 in Earth Magic
 28717 | D:14     | Reached XP level 15. HP: 99/99 MP: 41/41
 28975 | D:15     | Entered Level 15 of the Dungeon
 29759 | D:15     | Reached skill level 15 in Earth Magic
 30766 | D:15     | Found a staircase to the Depths.
 31066 | Orc:1    | Entered Level 1 of the Orcish Mines
 31571 | Orc:2    | Entered Level 2 of the Orcish Mines
 33085 | Orc:2    | Identified the +8 falchion "Piel" {venom, rElec}
 33386 | Orc:2    | Identified the +1 robe of Mouxarr {*Corrode rN+ Slay+4}
 33459 | Orc:2    | Found a staircase to the Elven Halls.
 33929 | Orc:2    | Paralysed by an orc sorcerer for 2 turns
 34058 | Orc:2    | Reached skill level 16 in Earth Magic
 34444 | Orc:2    | Found Cuju's Assorted Antiques.
 34484 | Orc:2    | Found Tutamiv's Assorted Antiques.
 34489 | Orc:2    | Bought a bubbling silvery potion for 25 gold pieces
 34489 | Orc:2    | Bought a potion of brilliance for 112 gold pieces
 34492 | Orc:2    | Bought a potion of curing for 93 gold pieces
 34492 | Orc:2    | Bought a bubbling silvery potion for 27 gold pieces
 34492 | Orc:2    | Bought a scroll of teleportation for 93 gold pieces
 34492 | Orc:2    | Found Erurgh's Magic Scroll Boutique.
 34494 | Orc:2    | Found Oho Feir's Weapon Emporium.
 34519 | Orc:2    | Bought a scroll of teleportation for 33 gold pieces
 34519 | Orc:2    | Bought a scroll of blinking for 82 gold pieces
 34519 | Orc:2    | Bought a scroll of enchant armour for 82 gold pieces
 34519 | Orc:2    | Bought a scroll of identify for 22 gold pieces
 34520 | Orc:2    | Bought a scroll of identify for 22 gold pieces
 35138 | Orc:1    | Found Siakh's Self-Improvement Boutique.
 35257 | Elf:1    | Entered Level 1 of the Elven Halls
 35647 | Snake:1  | Entered Level 1 of the Snake Pit
 35647 | Snake:1  | Noticed Frances
 35653 | Snake:1  | Killed Frances
 35984 | Snake:1  | Reached XP level 16. HP: 105/105 MP: 41/43
 36689 | Snake:1  | Reached skill level 17 in Earth Magic
 37776 | Snake:2  | Noticed Mlioglotl
 37787 | Snake:2  | Killed Mlioglotl
 38763 | Snake:3  | Found Rammerch's Assorted Antiques.
 38965 | Snake:3  | Bought a scroll of teleportation for 99 gold pieces
 39801 | Snake:3  | Reached skill level 18 in Earth Magic
 40533 | Snake:4  | Entered Level 4 of the Snake Pit
 40589 | Snake:4  | Noticed Vashnia
 40926 | Snake:4  | Noticed fedoskokos's ghost (adept DsMo)
 40938 | Snake:4  | Found a transporter.
 41421 | Snake:4  | Noticed a profane servitor
 42094 | Snake:4  | Killed Vashnia
 42426 | Snake:4  | Found a transporter.
 42956 | Snake:4  | Reached XP level 17. HP: 79/111 MP: 41/45
 43078 | Snake:4  | Reached skill level 19 in Earth Magic
 43080 | Snake:4  | Noticed a quicksilver dragon
 43080 | Snake:4  | HP: 2/111 [quicksilver dragon/bolt of dispelling energy
                  | (39)]
 43080 | Snake:4  | Mangled by a quicksilver dragon

Illustrated notes

Levels and vault maps discovered:
D:1:      beargit_arrival_greenhouse, layout_rooms, minmay_misc_feat_doors
D:2:      minmay_general_purpose_star, layout_basic, st_stairs_10, uniq_natasha
D:3:      layout_basic, grunt_temple_overflow_cloverleaf,
          basic_ecumenical_altar, uniq_jessica
D:4:      layout_gridville, uniq_grinder
D:5:      layout_loops_ring, led_sif_pool, temple_statues,
          serial_co_window_serial, co_window_paths_b, co_window_paths_b,
          co_window_corner_a, co_window_corner_a, co_window_paths_b,
          co_window_corner_a, co_window_corner_a, co_window_of_opportunity_b,
          co_window_corner_b, co_window_paths_c, co_window_paths_e
D:6:      layout_basic, beargit_hepliaklqana_dungeon_heroes
D:7:      layout_basic
D:8:      layout_loops_corners, kb_xom_exploding_sheep
D:9:      cheibrodos_statue_roulette, layout_basic,
          gammafunk_ghost_wrathful_warriors, eino_jars
D:10:     layout_cross, serial_gnoll_camp, gnoll_camp_mini_shop,
          gnoll_camp_mini_hut, uniq_nergalle
D:11:     layout_roguey, palyth_stone_intersect, uniq_fannar
D:12:     layout_basic, hiddenorc2_lemuel
D:13:     layout_basic, door_vault, uniq_lodul
D:14:     layout_roguey, skrybe_vaults_entry_preservation,
          gauntlet_entry_generic, chequers_serial_rivers_room_a
D:15:     grunt_enter_depths_hoard, layout_loops_ring, serial_bayou_shore_a
Lair:1:   layout_concentric_octagons, minmay_holes
Lair:2:   layout_hall_layers, uniq_gastronok, uniq_maggie
Lair:3:   layout_cave_shapes, minmay_shoals_entry_lonely_mermaid,
          guppyfry_snake_entry_garden
Lair:4:   layout_hall_layers, st_stairs_5
Lair:5:   hangedman_lair_caniforms_friends, layout_regular_city,
          hangedman_lair_tendril_chambers, slime_entry_1, nzn_sisyphean_effort,
          infiniplex_staircase_pool
Shoals:1: nicolae_shoals_island_circles, layout_shoals,
          nicolae_shoals_circle_sea_wall
Snake:1:  layout_concentric_octagons, basic_altar, statue_in_the_mist_lemuel,
          serial_bayou_shore_b, uniq_frances
Snake:2:  layout_misc_corridors, serial_bayou_shore_b, uniq_mlioglotl
Snake:3:  layout_honeycomb, serial_shops, nicolae_shop_hallway_stairs
Snake:4:  hellmonk_snake_rune_quicksilver_temple, layout_cave_town,
          gammafunk_ghost_abyssal_escape, uniq_vashnia
Orc:1:    layout_caves, nicolae_shop_self_help
Orc:2:    st_orc_elflike, layout_caves, minmay_orc_treasury
Elf:1:    minmay_elf_arrival_summoners, layout_rooms, minmay_elf_demonology,
          library_closet, minmay_misc_feat_cross, nicolae_elf_altarnating,
          uniq_agnes

Skill      XL: |  1  2  3  4  5  6  7  8  9 10 11 12 13 14 15 16 17 |
---------------+----------------------------------------------------+-----
Spellcasting   | 2 3 4 6 7 9 11 14 15 16 17 18 | 18.9
Conjurations   | 4 5 6 7 8 10 11 | 11.3
Earth Magic    | 7 11 14 16 18 19 | 19.0
Dodging        | |  1.7
Stealth        | |  1.7

Action                     |  1- 3 |  4- 6 |  7- 9 | 10-12 | 13-15 | 16-18 || total
---------------------------+-------+-------+-------+-------+-------+-------++-------
  Melee: Unarmed           |    33 |       |       |       |       |       ||    33
         Halberd           |       |     3 |    14 |       |       |       ||    17
         Flail             |       |       |       |    20 |     2 |       ||    22
         Staff             |       |       |       |     4 |    22 |     3 ||    29
   Cast: Magic Dart        |    54 |    53 |   174 |   148 |       |       ||   429
         Searing Ray       |     4 |    11 |    60 |    85 |     2 |       ||   162
         Iskenderun's Myst |       |       |     9 |   132 |    50 |    21 ||   212
         Iron Shot         |       |       |       |    60 |   481 |   216 ||   757
  Evoke: Wand              |       |       |     3 |     3 |       |     3 ||     9
    Use: Scroll            |       |       |    12 |    11 |    15 |     1 ||    39
         Potion            |       |       |       |       |     1 |       ||     1
 Armour: Robe              |     4 |     5 |    22 |    28 |    56 |    27 ||   142
  Dodge: Dodged            |    20 |    20 |    77 |   116 |    97 |    60 ||   390
  Block: Other             |    14 |     7 |    27 |    31 |       |       ||    79
         Reflection        |       |       |     4 |     2 |       |       ||     6
